[Event "Team 45 45 League T29"]
[Site "Free Internet Chess Server"]
[Date "2006.01.22"]
[Round "5"]
[White "lodda"]
[Black "CelticDeath"]
[Result "1-0"]
[WhiteElo "1925"]
[BlackElo "1785"]
[TimeControl "2700+45"]

1. d4 Nf6 2. c4 g6 3. Nc3 Bg7 4. e4 d6 5. f3 O-O 6. Be3 Nbd7 7. Qd2 c5 8. Nge2 a6 9. d5 Nh5 10. g4 Nhf6 11. Ng3 Ne5 12. Be2 Qa5 13. Bh6 b5 14. h4 Bxh6 15. Qxh6 b4 16. Nd1 b3+ 17. Nc3 Bd7 18. h5 Rab8 19. g5 Nxe4 20. Nxe4 Bf5 21. Nf6+ exf6 22. gxf6   {Black resigns} 1-0

[Event "Team 45 45 League T29"]
[Site "Free Internet Chess Server"]
[Date "2006.01.21"]
[Round "5"]
[White "JBFelo"]
[Black "sonareclipse"]
[Result "1-0"]
[WhiteElo "1997"]
[BlackElo "1982"]
[TimeControl "2700+45"]

1. d4 Nf6 2. c4 c5 3. d5 e6 4. Nc3 exd5 5. cxd5 d6 6. e4 g6 7. f4 Bg7 8. Bb5+ Nfd7 9. a4 O-O 10. Nf3 Na6 11. O-O Nb4 12. Re1 Qc7 13. Be3 Nf6 14. h3 Qe7 15. e5 Nd7 16. Ne4 dxe5 17. d6 Qd8 18. fxe5 Nc6 19. Bxc6 bxc6 20. Nxc5 Rb8 21. e6 Nxc5 22. e7 Qa5 23. exf8=Q+ Bxf8 24. Rc1 Nd7 25. Rxc6 Bb7 26. Rc3 Bxf3 27. gxf3 Rxb2 28. Rc8 Qe5 29. Bf2 Qg5+ 30. Kf1 Qf5 31. h4 Ne5 32. Rxe5 Qh3+ 33. Kg1 Rxf2 34. Kxf2 Qh2+ 35. Kf1 Qh1+ 36. Ke2 Qh2+ 37. Kd3 Qxe5 38. d7 Qf5+ 39. Kc4 Qe6+ 40. Qd5 Qe2+ 41. Kb3 Qe3+ 42. Kc2 Qa3   {Black resigns} 1-0

[Event "Team 45 45 League T29"]
[Site "Free Internet Chess Server"]
[Date "2006.01.25"]
[Round "5"]
[White "jjgsmm"]
[Black "Thalagor"]
[Result "0-1"]
[WhiteElo "1665"]
[BlackElo "1893"]
[TimeControl "2700+45"]

1. e4 c5 2. Nf3 d6 3. d4 cxd4 4. Nxd4 Nf6 5. Nc3 g6 6. Be3 Bg7 7. f3 O-O 8. Qd2 Nc6 9. Nxc6 bxc6 10. Bh6 Rb8 11. Bxg7 Kxg7 12. Na4 Bd7 13. b3 c5 14. Nc3 Qb6 15. Bc4 a5 16. Nd5 Nxd5 17. Bxd5 a4 18. Bc4 axb3 19. cxb3 Bb5 20. Qc3+ Kg8 21. O-O Rfc8 22. Rfc1 Bxc4 23. Qxc4 Qb4 24. Qxb4 cxb4 25. Kf2 Ra8 26. Rxc8+ Rxc8 27. Re1 Kg7 28. Re2 Kf6 29. Ke3 Rc3+ 30. Kd2 Ke5 31. Re3 Rc5 32. Re1 Kd4 33. Rc1 Rxc1 34. Kxc1 Kc3 35. Kb1 e6 36. a4 bxa3 37. Ka2 Kb4 38. g4 d5   {White resigns} 0-1

[Event "Team 45 45 League T29"]
[Site "Free Internet Chess Server"]
[Date "2006.01.22"]
[Round "5"]
[White "Doubleletter"]
[Black "zandree"]
[Result "1-0"]
[WhiteElo "1826"]
[BlackElo "1318"]
[TimeControl "2700+45"]

1. c4 e6 2. d4 d5 3. Nf3 Nf6 4. Bg5 Be7 5. Nc3 h6 6. Bh4 O-O 7. cxd5 Nxd5 8. Bxe7 Nxe7 9. e4 Nbc6 10. Be2 b6 11. O-O e5 12. dxe5 Qxd1 13. Raxd1 Bg4 14. Nd5 Bxf3 15. Bxf3 Nxd5 16. Rxd5 Rae8 17. Rd7 Nxe5 18. Rxc7 Nxf3+ 19. gxf3 a6 20. Rfc1 Re6 21. Ra7 Rg6+ 22. Kf1 a5 23. Rcc7 Rd8 24. Rxf7 Rd1+ 25. Ke2 Rb1 26. b3 Rb2+ 27. Ke3 Rg2 28. e5 Rgxf2 29. Rxg7+ Kf8 30. Rgf7+ Kg8 31. Rfc7 Rbe2+ 32. Kf4 Rc2 33. Rg7+ Kf8 34. Raf7+ Ke8 35. e6 Rg2 36. Rh7 Rg8 37. Re7+ Kd8 38. Rd7+ Kc8 39. Ra7 Kb8 40. Rab7+ Kc8 41. Rxb6 Rxh2 42. Rf7 Rh4+ 43. Ke3 Rb4 44. Ra6 Kb8 45. Rxa5 Rb6 46. e7 Re6+ 47. Kf4 Kb7 48. e8=Q+ Kb6 49. Qb5#   {Black checkmated} 1-0

[Event "Team 45 45 League T29"]
[Site "Free Internet Chess Server"]
[Date "2006.01.22"]
[Round "5"]
[White "aacevedo"]
[Black "NBZ"]
[Result "1/2-1/2"]
[WhiteElo "2121"]
[BlackElo "2002"]
[TimeControl "2700+45"]

1. d4 d5 2. c4 e6 3. Nc3 Nf6 4. Bg5 Be7 5. e3 O-O 6. Nf3 h6 7. Bh4 b6 8. Bd3 Bb7 9. O-O Nbd7 10. Qe2 c5 11. cxd5 Nxd5 12. Bg3 cxd4 13. exd4 N7f6 14. Rac1 Bd6 15. Ne5 Rc8 16. Rfd1 Nxc3 17. bxc3 Qc7 18. c4 Nd7 19. f4 Rfe8 20. Rc2 f6 21. Nxd7 Qxd7 22. Kh1 Qf7 23. Qg4 f5 24. Qe2   {Game drawn by mutual agreement} 1/2-1/2

[Event "Team 45 45 League T29"]
[Site "Free Internet Chess Server"]
[Date "2006.01.21"]
[Round "5"]
[White "SerhiyFranchuk"]
[Black "dzonson"]
[Result "1-0"]
[WhiteElo "2024"]
[BlackElo "1836"]
[TimeControl "2700+45"]

1. e4 d5 2. exd5 Qxd5 3. Nc3 Qa5 4. Nf3 Nf6 5. Bc4 Bg4 6. h3 Bxf3 7. Qxf3 Qe5+ 8. Kd1 c6 9. Re1 Qc7 10. d3 Nbd7 11. Ne4 h6 12. Bf4 e5 13. Nxf6+ gxf6 14. Bxe5 fxe5 15. Qxf7+ Kd8 16. Be6 Be7 17. Bxd7 Qxd7 18. Rxe5 Rf8 19. Qc4 Rxf2 20. Rxe7 Qd5 21. Qxd5+ cxd5 22. Rg7 Rf1+ 23. Kd2 Rxa1 24. Rg8+ Kc7 25. Rxa8 Rxa2 26. Kc3 Ra6 27. Rh8 Rc6+ 28. Kd2 b5 29. Rh7+ Kb6 30. Rd7 Rg6 31. Rxd5 Rxg2+ 32. Kc3 Rg6 33. b4 a5 34. bxa5+ Kxa5 35. Kb3 Ka6 36. Kb4 Rc6 37. Rc5 Rd6 38. Re5 Rd4+ 39. Kc5 Rh4 40. Re3 Rh5+ 41. Kc6 Ka5 42. d4 Ka4 43. d5 Rh4 44. c3 Rc4+ 45. Kb6 b4 46. cxb4 Kxb4 47. d6 Rd4 48. Kc6 Rc4+ 49. Kd5 Rc5+ 50. Ke6 Rc6 51. Ke7 Rb6 52. d7 Rb7 53. Ke8   {Black resigns} 1-0

[Event "Team 45 45 League T29"]
[Site "Free Internet Chess Server"]
[Date "2006.01.21"]
[Round "5"]
[White "twotowers"]
[Black "RomaLavrn"]
[Result "0-1"]
[WhiteElo "1637"]
[BlackElo "1901"]
[TimeControl "2700+45"]

1. Nf3 Nf6 2. g3 g6 3. Bg2 Bg7 4. O-O O-O 5. d3 d5 6. Nbd2 c5 7. e4 dxe4 8. dxe4 Nc6 9. Re1 h6 10. c3 a6 11. a4 Qc7 12. Nc4 Rd8 13. Qe2 e5 14. Nh4 Bg4 15. f3 Be6 16. f4 b5 17. axb5 axb5 18. Rxa8 Rxa8 19. Na3 b4 20. cxb4 cxb4 21. Nc4 Nd4   {White resigns} 0-1

[Event "Team 45 45 League T29"]
[Site "Free Internet Chess Server"]
[Date "2006.01.19"]
[Round "5"]
[White "zcomcon"]
[Black "dzonson"]
[Result "0-1"]
[WhiteElo "1698"]
[BlackElo "1821"]
[TimeControl "2700+45"]

1. e4 d5 2. exd5 Qxd5 3. Nc3 Qa5 4. d4 Nf6 5. Nf3 Bg4 6. Be2 e6 7. Bd2 Qb6 8. O-O c6 9. Rb1 Bxf3 10. Bxf3 Qxd4 11. Re1 Bd6 12. Qe2 Bc7 13. Be3 Qd6 14. g3 Nbd7 15. Red1 Qe7 16. Rd2 O-O 17. Rbd1 Nd5 18. Nxd5 cxd5 19. c4 Ba5 20. Rd3 Ne5 21. Rb3 Nxc4 22. Bxa7 Rxa7 23. Bxd5 Nd6 24. Rbd3 Rd8 25. Qe5 Bc7 26. Bb3 Raa8 27. Qc5 Nf5 28. Qb5 Rxd3 29. Rxd3 Nd6 30. Qb4 Kf8 31. a4 Ra6 32. Re3 Rb6 33. Qc3 Nf5 34. Re4 Rc6 35. Qf3 Qf6 36. g4 Rc1+ 37. Bd1 Qh4 38. gxf5 Qxh2+ 39. Kf1 Rxd1+ 40. Qxd1 Qh1+ 41. Ke2 Qxe4+ 42. Kf1 exf5 43. Qd7 Qc4+ 44. Kg1 Qc1+   {White resigns} 0-1

[Event "Team 45 45 League T29"]
[Site "Free Internet Chess Server"]
[Date "2006.01.19"]
[Round "5"]
[White "fernbap"]
[Black "xplan"]
[Result "1/2-1/2"]
[WhiteElo "1776"]
[BlackElo "1522"]
[TimeControl "2700+45"]

1. Nf3 Nc6 2. d4 Nf6 3. d5 Nb4 4. c4 e6 5. a3 Na6 6. Nc3 exd5 7. cxd5 b6 8. Bg5 h6 9. Bh4 Be7 10. g3 Bb7 11. Bxf6 Bxf6 12. Rc1 O-O 13. Bg2 Nc5 14. b4 Bxc3+ 15. Rxc3 Ne4 16. Rc1 Qf6 17. Qd3 Rfe8 18. O-O a5 19. Rxc7 Ba6 20. b5 Bb7 21. Rxb7 Nc5 22. Rxb6 Qxb6 23. Qf5 Qxb5 24. Ne5 Re7 25. d6 Ree8 26. Qxf7+ Kh8 27. Bxa8 Rxe5 28. Bd5 Ne6 29. e4 a4 30. Rc1 Kh7 31. f4 Rh5 32. f5 Qb6+ 33. Kh1 Rxh2+ 34. Kxh2 Qf2+ 35. Kh1 Qf3+ 36. Kg1 Qxg3+ 37. Kf1 Qf3+   {Game drawn by mutual agreement} 1/2-1/2

[Event "Team 45 45 League T29"]
[Site "Free Internet Chess Server"]
[Date "2006.01.22"]
[Round "5"]
[White "Pawns"]
[Black "ButiOxa"]
[Result "1-0"]
[WhiteElo "1887"]
[BlackElo "1782"]
[TimeControl "2700+45"]

1. e4 e5 2. Nf3 Nc6 3. Bb5 a6 4. Ba4 Nf6 5. O-O Be7 6. Qe2 b5 7. Bb3 d6 8. a4 Bg4 9. c3 O-O 10. h3 Bxf3 11. Qxf3 Na5 12. Bc2 c5 13. d3 Ne8 14. Be3 Bg5 15. Nd2 Rc8 16. Qe2 Bxe3 17. fxe3 b4 18. cxb4 cxb4 19. Nb3 Nb7 20. d4 Qb6 21. a5 Qa7 22. Bd3 Nc7 23. Ra4   {Black resigns} 1-0

[Event "Team 45 45 League T29"]
[Site "Free Internet Chess Server"]
[Date "2006.01.22"]
[Round "5"]
[White "threeNT"]
[Black "TGV"]
[Result "0-1"]
[WhiteElo "1689"]
[BlackElo "1737"]
[TimeControl "2700+45"]

1. e4 e6 2. d4 d5 3. Nc3 Bb4 4. e5 Ne7 5. a3 Bxc3+ 6. bxc3 c5 7. Qg4 O-O 8. Bd3 Nbc6 9. Qh5 Ng6 10. Nf3 cxd4 11. Ng5 h6 12. Nxf7 Rxf7 13. Bxg6 Re7 14. Bg5 Qa5 15. O-O Rc7 16. cxd4 Bd7 17. Be3 Qc3 18. Rfd1 Rf8 19. Qg4 Kh8 20. Qh4 Kg8 21. Bd2 Qc4 22. Bb4 Nxb4 23. axb4 a6 24. Qe7 Bc8 25. Bh7+ Kxh7 26. Qxf8 Qe2 27. Re1 Qg4 28. f4 Rxc2 29. Rac1 Qxg2#   {White checkmated} 0-1

[Event "Team 45 45 League T29"]
[Site "Free Internet Chess Server"]
[Date "2006.01.25"]
[Round "5"]
[White "FusterCluck"]
[Black "alfreale"]
[Result "1/2-1/2"]
[WhiteElo "1701"]
[BlackElo "1473"]
[TimeControl "2700+45"]

1. d4 d5 2. c4 Nf6 3. Nf3 e6 4. Bg5 Be7 5. e3 Nc6 6. Nc3 O-O 7. cxd5 Nxd5 8. Bxe7 Qxe7 9. Bd3 Rd8 10. O-O b6 11. Rc1 Bb7 12. Bb1 e5 13. Nxd5 Rxd5 14. e4 Rd6 15. d5 Nd4 16. Nxd4 exd4 17. Qxd4 Rad8 18. Qc3 c6 19. Rfe1 a5 20. Qh3 Qe5 21. Qc3 Qxc3 22. Rxc3 cxd5 23. exd5 Bxd5 24. Rce3 g6 25. f3 Kg7 26. a3 Kf6 27. Be4 h5 28. Bxd5 Rxd5 29. Rb3 b5 30. Kf2 a4 31. Rb4 Rd2+ 32. Re2 Rxe2+ 33. Kxe2 Rd5 34. Ke3 Ke5 35. g3 f5 36. f4+ Kd6 37. Rd4 Kc5 38. Rxd5+ Kxd5 39. Kd3 Kc5 40. Kc3 Kd5 41. Kb4 Kc6 42. h3   {Game drawn by mutual agreement} 1/2-1/2